 Dungeon Crawl Stone Soup version 0.19.1 (console) character file.

3863 Kloppie the Carver (level 9, -1/108 HPs)
             Began as a Demonspawn Berserker on Dec 9, 2016.
             Was an Elder of Trog.
             Slain by an orc
             ... wielding a +0 halberd
              (5 damage)
             ... in a bailey.
             The game lasted 00:10:26 (8000 turns).

Kloppie the Carver (Demonspawn Berserker)           Turns: 8000, Time: 00:10:27

Health: -1/108     AC: 14    Str: 22    XL:     9   Next: 99%
Magic:  9/9        EV: 10    Int:  9    God:    Trog [****..]
Gold:   387        SH:  0    Dex: 16    Spells: 0 memorised, 8 levels left

rFire  + . .     SeeInvis .     a - +1 falchion
rCold  . . .     Gourm    .     h - +0 scale mail
rNeg   . . .     Faith    .     (no shield)
rPois  .         Spirit   .     s - +2 hat
rElec  .         Reflect  .     C - +1 cloak
rCorr  +         Harm     .     u - +0 pair of gloves
MR     ++...                    (no boots)
Stlth  ..........               (no amulet)
                                (no ring)
                                w - ring of resist corrosion

@: berserking (expiring), regenerating, very quick
A: hooves 2, molten scales 2, fire resistance 1, nightstalker 2
a: Berserk, Trog's Hand, Brothers in Arms, Burn Spellbooks, Renounce Religion


You were in a bailey.
You worshipped Trog.
Trog was greatly pleased with you.
You were hungry.

You visited 1 branch of the dungeon, and saw 8 of its levels.
You also visited: Bailey.

You collected 387 gold pieces.

Inventory:

Hand Weapons
 a - a +1 falchion (weapon)
Armour
 h - a +0 scale mail (worn)
 s - a +2 hat (worn)
 u - a +0 pair of gloves (worn)
 C - a +1 cloak (worn)
Jewellery
 w - a ring of resist corrosion (left hand)
Wands
 q - a wand of acid (3/15)
 t - a wand of hasting (7/9)
 x - a wand of paralysis (12/24)
Scrolls
 b - a scroll of enchant armour
 d - 4 scrolls of enchant weapon
 e - 3 scrolls of immolation
 i - a scroll of teleportation
 l - a scroll of remove curse
 m - a scroll of noise
 n - a scroll of random uselessness
 o - 2 scrolls of amnesia {unknown}
 r - 2 scrolls of identify
 A - a scroll of acquirement
Potions
 g - 3 potions of heal wounds
 k - a potion of curing
 z - a potion of flight
Books
 y - a book of Flames

   Spells                             Type                      Level
   a - Flame Tongue                   Conjuration/Fire             1
   b - Throw Flame                    Conjuration/Fire             2
   c - Conjure Flame                  Conjuration/Fire             3
   d - Inner Flame                    Hexes/Fire                   3
   e - Sticky Flame                   Conjuration/Fire             4
   f - Fireball                       Conjuration/Fire             5
   Trog disapproves of the use of such an item.
 D - a book of Flames

   Spells                             Type                      Level
   a - Flame Tongue                   Conjuration/Fire             1
   b - Throw Flame                    Conjuration/Fire             2
   c - Conjure Flame                  Conjuration/Fire             3
   d - Inner Flame                    Hexes/Fire                   3
   e - Sticky Flame                   Conjuration/Fire             4
   f - Fireball                       Conjuration/Fire             5
   Trog disapproves of the use of such an item.
Comestibles
 c - 6 bread rations
 f - 2 beef jerkies
 j - 6 chunks of flesh
 p - a slice of pizza
 v - 5 meat rations
 B - 3 fruits


   Skills:
 + Level 7.5 Fighting
 - Level 11.7 Long Blades
 - Level 1.7 Armour
 - Level 1.7 Dodging


You had 8 spell levels left.
You didn't know any spells.

Dungeon Overview and Level Annotations

Branches:
Dungeon (8/15)             Temple (0/1) D:5
   Lair: D:8-11

Altars:
Fedhas
Qazlal
Yredelemnul

Shops:
D:6 (


Innate Abilities, Weirdness & Mutations

You have hoof-like feet.
You are mostly covered in molten scales. (AC +3)
Your flesh is heat resistant. (rF+)
You are significantly more attuned to the shadows.


Message History

You kill the centaur!
Trog accepts your kill. The orc barely misses you.
The orc warrior barely misses you.
You riposte.
You closely miss the orc warrior. Your kick misses the orc warrior.
The orc hits you but does no damage.
You hit the orc warrior but do no damage.
Your kick misses the orc warrior. The orc misses you.
You miss the orc warrior.
You kick the orc warrior, but do no damage.
The orc closely misses you. The orc hits you but does no damage.
The orc warrior hits you with a glaive.
* * * LOW HITPOINT WARNING * * *
You slash the orc warrior!
The orc warrior is heavily wounded.
The orc hits you but does no damage.
You slash the orc warrior! Your kick misses the orc warrior.
The orc warrior is almost dead.
The orc barely misses you.
The orc hits you from afar with a halberd.
You die...

###########
≈≈≈≈≈≈≈≈≈≈≈
≈≈≈≈≈≈≈≈≈≈≈
≈≈..).)..≈≈
..≈≈≈@≈≈≈..
≈≈≈...o.≈≈≈
≈..o..oo..≈
....≈≈≈....
⌠..≈≈≈≈≈..⌠
...≈≈≈≈≈...
..≈≈≈≈≈≈≈..


You could see an orc warrior and 3 orcs.

Vanquished Creatures
  Pikel (D:7)
  Joseph (D:7)
  The ghost of Bekkur the Nimble, a novice DEGl (D:6)
  A two-headed ogre (D:8)
  Sigmund (D:3)
  The ghost of GordonOverkill the Chopper, an amateur HOSk (D:3)
  Duvessa (D:7)
  2 orc warriors (D:6)
  2 phantoms
  3 slaves (D:7)
  A sky beast (D:5)
  3 centaurs
  2 bullfrogs (D:7)
  Dowan (D:7)
  2 scorpions (D:4)
  2 crimson imps
  A quasit (D:6)
  2 hounds (D:5)
  A bullfrog zombie (D:5)
  A jelly (D:7)
  Crazy Yiuf (D:7)
  A centaur zombie (D:8)
  7 orc priests
  5 orc wizards
  Natasha (twice) (D:2)
  4 iguanas
  5 worker ants
  2 hound skeletons
  Robin (D:3)
  3 gnolls (D:7)
  7 adders
  2 worms
  4 dart slugs
  A leopard gecko (D:3)
  34 orcs
  5 giant cockroaches
  13 goblins
  12 hobgoblins
  7 quokkas
  10 bats
  3 frilled lizards
  6 kobolds
  2 quokka skeletons (D:4)
  A quokka zombie (D:5)
  4 rats
  A spectral orc (D:5)
173 creatures vanquished.

Vanquished Creatures (others)
  A slave (D:7)
  A gnoll (D:7)
2 creatures vanquished.

Grand Total: 175 creatures vanquished

Notes
Turn   | Place    | Note
-------+----------+-------------------------------------------
     0 | D:1      | Kloppie the Demonspawn Berserker began the quest for the Orb.
     0 | D:1      | Reached XP level 1. HP: 18/18 MP: 1/1
    92 | D:1      | Reached skill level 3 in Long Blades
   424 | D:1      | Gained mutation: You are slightly more attuned to the shadows. [demonic ancestry]
   424 | D:1      | Reached XP level 2. HP: 13/24 MP: 2/2
  1089 | D:2      | Noticed Natasha
  1098 | D:2      | Killed Natasha
  1098 | D:2      | Reached skill level 4 in Long Blades
  1098 | D:2      | Gained mutation: You are significantly more attuned to the shadows. [demonic ancestry]
  1098 | D:2      | Reached XP level 3. HP: 13/29 MP: 3/3
  1863 | D:2      | Noticed Natasha
  1882 | D:2      | Gained mutation: You are partially covered in molten scales. (AC +2) [demonic ancestry]
  1882 | D:2      | Reached XP level 4. HP: 35/35 MP: 4/4
  1923 | D:2      | Reached ** piety under Trog
  2136 | D:2      | Killed Natasha
  2163 | D:2      | Reached skill level 5 in Long Blades
  2232 | D:3      | Noticed Sigmund
  2247 | D:3      | Killed Sigmund
  2247 | D:3      | Reached skill level 6 in Long Blades
  2247 | D:3      | Gained mutation: You are mostly covered in molten scales. (AC +3) [demonic ancestry]
  2247 | D:3      | Reached XP level 5. HP: 41/41 MP: 5/5
  2247 | D:3      | Gained mutation: You have large cloven feet. [demonic ancestry]
  2247 | D:3      | Reached XP level 6. HP: 47/47 MP: 6/6
  2317 | D:3      | Noticed GordonOverkill's ghost (amateur HOSk)
  2344 | D:3      | Noticed Robin
  2356 | D:3      | Killed GordonOverkill's ghost
  2364 | D:3      | Reached skill level 7 in Long Blades
  2370 | D:3      | Killed Robin
  2735 | D:3      | Reached XP level 7. HP: 22/52 MP: 7/7
  3826 | D:4      | Reached skill level 8 in Long Blades
  4696 | D:4      | Reached *** piety under Trog
  5016 | D:5      | Entered Level 5 of the Dungeon
  5069 | D:5      | Found a staircase to the Ecumenical Temple.
  5179 | D:5      | Reached skill level 9 in Long Blades
  5179 | D:5      | Gained mutation: You have hoof-like feet. [demonic ancestry]
  5179 | D:5      | Reached XP level 8. HP: 50/58 MP: 8/8
  5636 | D:5      | Found a basalt altar of Yredelemnul.
  5818 | D:6      | Found Esosch's Weapon Shop.
  6030 | D:6      | Noticed Bekkur's ghost (novice DEGl)
  6042 | D:6      | Killed Bekkur's ghost
  6042 | D:6      | Reached skill level 10 in Long Blades
  6350 | D:7      | Found a stormy altar of Qazlal.
  6351 | D:7      | Found a blossoming altar of Fedhas.
  6407 | D:7      | Reached **** piety under Trog
  6407 | D:7      | Reached skill level 11 in Long Blades
  6412 | D:7      | Gained mutation: Your flesh is heat resistant. (rF+) [demonic ancestry]
  6412 | D:7      | Reached XP level 9. HP: 37/63 MP: 9/9
  6497 | D:7      | Noticed Pikel
  6588 | D:7      | Killed Pikel
  6969 | D:7      | Found a runed door.
  7041 | D:7      | Noticed Dowan
  7044 | D:7      | Noticed Duvessa
  7053 | D:7      | Killed Duvessa
  7061 | D:7      | Killed Dowan
  7250 | D:7      | Noticed Joseph
  7261 | D:7      | Killed Joseph
  7261 | D:7      | Reached skill level 5 in Fighting
  7391 | D:7      | Noticed Crazy Yiuf
  7396 | D:7      | Killed Crazy Yiuf
  7616 | D:7      | Identified a scroll of acquirement
  7958 | D:8      | Found a flagged portal.
  7969 | Bailey   | Entered a bailey
  7995 | Bailey   | HP: 5/108 [orc/spear (4)]
  8000 | Bailey   | Slain by an orc

Skill      XL: |  1  2  3  4  5  6  7  8  9 |
---------------+----------------------------+-----
Long Blades    | 3 4 6 7 9 11 | 11.7
Fighting       | 7 |  7.5
Armour         | |  1.7
Dodging        | |  1.7

Action                   |  1- 3 |  4- 6 |  7- 9 || total
-------------------------+-------+-------+-------++-------
Melee: Falchion          |   108 |   128 |   580 ||   816
       Kick              |       |    36 |   212 ||   248
Invok: Berserk           |     3 |     2 |    11 ||    16
       Trog's Hand       |       |       |     2 ||     2
  Use: Potion            |       |       |    10 ||    10
       Scroll            |       |       |    11 ||    11
 Stab: Sleeping          |     2 |       |     9 ||    11
       Distracted        |     1 |       |     2 ||     3
  Eat: Chunk             |     5 |     6 |    27 ||    38
Armor: Animal skin       |     3 |       |       ||     3
       Scale mail        |    37 |    57 |   201 ||   295
Dodge: Dodged            |    45 |    72 |   230 ||   347
       Rpst.: Falchion   |    13 |    22 |    69 ||   104
